 Dungeon Crawl Stone Soup version 0.26.1-11-gd32895ea62 (webtiles) character file.

Game seed: 1945006527565315633

1584 Eitelfritz the Slasher (level 8, 0/105 HPs)
             Began as a Hill Orc Fighter on Apr 14, 2021.
             Slain by a gnoll
             ... wielding a +0 spear of venom
              (5 damage)
             ... on level 3 of the Dungeon.
             The game lasted 00:16:30 (6753 turns).

Eitelfritz the Slasher (Hill Orc Fighter)           Turns: 6753, Time: 00:16:30

Health: 0/105      AC:  6    Str: 21    XL:     8   Next: 92%
Magic:  17/17      EV:  9    Int:  8    God:
Gold:   78         SH: 11    Dex: 10    Spells: 7/7 levels left

rFire    . . .     SeeInvis .   a - +1 long sword
rCold    . . .     Faith    .   c - +1 kite shield
rNeg     . . .     Spirit   .   s - +0 scale mail
rPois    .         Reflect  .   n - +2 hat
rElec    .         Harm     .   m - +0 cloak
rCorr    .         Rampage  .   (no gloves)
Will     .....                  (no boots)
Stlth    ..........             (no amulet)
HPRegen  0.27/turn              q - ring of flight
MPRegen  0.15/turn              p - ring of magical power

@: mighty, berserking, lethally poisoned (0 -> -13), corroded, very quick
A: no striking features
a: Evoke Flight


You were on level 3 of the Dungeon.
You visited 2 branches of the dungeon, and saw 7 of its levels.

You collected 201 gold pieces.
You spent 123 gold pieces at shops.

Inventory:

Hand Weapons
 a - a +1 long sword (weapon)
 b - a +4 hunting sling
 g - a +0 flail
Missiles
 h - 12 poisoned darts (quivered)
 k - 3 boomerangs
 r - 39 sling bullets
Armour
 c - a +1 kite shield (worn)
 m - a +0 cloak (worn)
 n - a +2 hat (worn)
 s - a +0 scale mail (worn)
 y - a +0 chain mail
Jewellery
 f - an uncursed ring of fire
 p - a ring of magical power (right hand)
 q - a ring of flight (left hand)
Scrolls
 e - a scroll of magic mapping {unknown}
 i - 2 scrolls of remove curse
 l - a scroll of amnesia {unknown}
 u - a scroll of identify
 v - 2 scrolls of teleportation {unknown}
Potions
 d - 2 potions of might
 j - 3 potions of lignification
 o - a potion of berserk rage
 t - a potion of magic {unknown}
 w - a potion of haste {unknown}
 x - a potion of cancellation {unknown}


   Skills:
 + Level 6.0 Fighting
 + Level 7.3 Long Blades
 + Level 0.1(0.2) Slings
 + Level 0.2 Throwing
 + Level 6.2 Armour
 + Level 3.0 Dodging
 + Level 0.7 Stealth
 + Level 5.9 Shields


You had 7 spell levels left.
You didn't know any spells.
Your spell library was empty.

Dungeon Overview and Level Annotations

Branches:
Dungeon (6/15)             Temple (1/1) D:6

Altars:
Ashenzari
Cheibriados
Dithmenos
Elyvilon
Fedhas
Kikubaaqudgha
Makhleb
Nemelex Xobeh
Okawaru
Qazlal
Ru
Sif Muna
Trog
Uskayaw
Vehumet
Xom
Yredelemnul
Zin
The Shining One

Shops:
D:5 (   D:6 !(:*}

Annotations:
D:3 1 transporter, Ankh's ghost, amateur DrTm


Message History

A red film seems to cover your vision as you go berserk!
You feel yourself moving faster!
You feel mighty!
* * * LOW HITPOINT WARNING * * *
You feel sick. Ankh's ghost hits you.
* * * LOW HITPOINT WARNING * * *
Ankh's ghost freezes you.
* * * LOW HITPOINT WARNING * * *
You block the gnoll's attack. The gnoll barely misses you.
The gnoll completely misses you.
You slice Ankh's ghost!!
Ankh's ghost is heavily damaged.
* * * LOW HITPOINT WARNING * * *
You feel sick.
Ankh's ghost hits you but does no damage.
You closely miss Ankh's ghost.
Ankh's ghost is heavily damaged.
* * * LOW HITPOINT WARNING * * *
You feel sick. You block the gnoll's attack.
The gnoll hits you from afar with a +0 spear of venom.
You die...

..8...(.≈≈#8.###g###.8#≈≈......#
.8_8....≈≈#..........g#≈≈......#
..8.....≈≈###.##'##.###≈≈......#
........≈≈..#.#...#.#..≈≈..###.#
........≈≈.##. ⌠.⌠#.##.≈≈..# #.#
........≈≈.#.. .g.#..#.≈≈..# #.#
........≈≈.##.##g##.##.≈≈..# #.#
........≈≈..#.#g.g#.#[.....#
#.##
........≈≈.©#.'W@"'.#©.....#
#...
....÷...≈≈..#.#8⌠8#.#......#
####
######..≈≈.##.#####.##.≈≈..#
#÷.≈≈.#g.# ..#.≈≈..# #..≈≈.##.#
#.##.≈≈..# #..≈≈..#.#
g#.#..≈≈..#
#..≈≈###.##'##.###≈≈.)#
#..≈≈#gg.........#≈≈..#
##.≈≈#8.###.###.8#≈≈..#


You could see Ankh's ghost and 4 gnolls.

Vanquished Creatures
  2 sky beasts
  3 ogres
  2 centaurs (D:5)
  A bullfrog (D:6)
  A wyvern skeleton (D:6)
  A scorpion (D:3)
  2 howler monkeys (D:5)
  A quasit (D:5)
  2 hounds (D:3)
  2 bullfrog skeletons
  2 jellies (D:6)
  6 orc wizards
  A worker ant (D:6)
  7 gnolls
  A howler monkey skeleton (D:5)
  14 adders
  4 white imps
  3 oozes
  An adder skeleton (D:6)
  3 worms
  3 dart slugs
  3 leopard geckos
  12 orcs
  6 giant cockroaches
  4 hobgoblins
  2 jackals (D:6)
  A quokka (D:6)
  5 bats
  4 frilled lizards
  10 goblins
  7 kobolds
  12 rats
128 creatures vanquished.

Vanquished Creatures (others)
  A quokka (D:5)
  6 plants (D:3)
7 creatures vanquished.

Grand Total: 135 creatures vanquished

Notes
Turn   | Place    | Note
-------+----------+-------------------------------------------
     0 | D:1      | Eitelfritz the Hill Orc Fighter began the quest for the
                  | Orb.
     0 | D:1      | Reached XP level 1. HP: 19/19 MP: 1/1
    68 | D:1      | Found a broken altar of Ashenzari.
    97 | D:1      | Reached XP level 2. HP: 27/27 MP: 2/2
   630 | D:2      | Reached XP level 3. HP: 31/33 MP: 3/3
   636 | D:2      | Reached skill level 3 in Long Blades
  1093 | D:2      | Reached XP level 4. HP: 35/40 MP: 4/4
  1178 | D:2      | Found a sparkling altar of Nemelex Xobeh.
  1645 | D:3      | Found a transporter.
  1706 | D:3      | Found a basalt altar of Yredelemnul.
  1754 | D:3      | Found a burning altar of Makhleb.
  1885 | D:3      | Reached skill level 4 in Long Blades
  1913 | D:3      | Identified the +9 spear of the Shining Light {pain, rC+
                  | Will+ Str+6 Int-5}
  1913 | D:3      | Noticed a gnoll sergeant
  1951 | D:3      | Found a transporter.
  1974 | D:3      | Reached XP level 5. HP: 39/46 MP: 5/5
  1992 | D:3      | Reached skill level 1 in Dodging
  2172 | D:3      | Found a faded altar of an unknown god.
  2261 | D:3      | Found a sacrificial altar of Ru.
  2502 | D:3      | Found a bloodstained altar of Trog.
  2546 | D:3      | Noticed Ankh's ghost (amateur DrTm)
  2746 | D:3      | Reached XP level 6. HP: 30/52 MP: 6/6
  3242 | D:4      | Found a white marble altar of Elyvilon.
  3438 | D:4      | Reached skill level 5 in Long Blades
  3438 | D:4      | Reached XP level 7. HP: 60/60 MP: 7/7
  3908 | D:5      | Entered Level 5 of the Dungeon
  3939 | D:5      | Reached skill level 5 in Fighting
  3965 | D:5      | HP: 2/61 [howler monkey skeleton (2)]
  3969 | D:5      | Reached skill level 5 in Armour
  3969 | D:5      | Reached skill level 5 in Shields
  4115 | D:5      | Reached XP level 8. HP: 38/69 MP: 8/8
  4124 | D:5      | Reached skill level 6 in Long Blades
  4841 | D:5      | Found Saicior's Weapon Shop.
  5704 | D:6      | Found Peipecar's Assorted Antiques.
  5705 | D:6      | Found Idylygax's Distillery.
  5721 | D:6      | Bought a potion of curing for 42 gold pieces
  5745 | D:6      | Found Tonypeb's Book Shop.
  5856 | D:6      | Bought a red potion for 26 gold pieces
  5856 | D:6      | Bought a glowing golden potion for 26 gold pieces
  5856 | D:6      | Bought a scroll labelled SADUILESSE for 29 gold pieces
  5921 | D:6      | Reached skill level 7 in Long Blades
  6279 | D:6      | Found Eluryos's Gadget Shop.
  6339 | D:6      | Found an iron altar of Okawaru.
  6376 | D:6      | Found a staircase to the Ecumenical Temple.
  6452 | D:6      | Found Puasuwk's Antique Weapon Boutique.
  6571 | D:6      | Found a stormy altar of Qazlal.
  6603 | Temple   | Entered the Ecumenical Temple
  6753 | D:3      | HP: 5/105 [poisoned by a gnoll]
  6753 | D:3      | Slain by a gnoll

Illustrated notes

Levels and vault maps discovered:
D:1:      minmay_arrival_stone_box, layout_rooms, minmay_misc_feat_roman,
          evilmike_ruin_ashenzari
D:2:      layout_basic, nemelex_xobeh_ov_fountains_minmay,
          chequers_serial_rivers_micro_a
D:3:      layout_basic, lemuel_coloured_pillars_altar,
          overflow_temple_1_default, nicolae_overflow_crystal_walls,
          gammafunk_ghost_gnarly_gnolls, chequers_ecumenical_altar_simple,
          bloody_makhleb
D:4:      layout_loops_corners, kennysheep_mini
D:5:      layout_basic, serial_shops, kennysheep_little_box
D:6:      layout_cave_pools, kennysheep_okawaru_gauntlet,
          minmay_temple_entry_enclosed_plants, serial_shops, shop, shop,
          nicolae_shop_crystal, shop, nicolae_shop_trees,
          nicolae_qazlal_eye_of_the_storm
Temple:   cyrus_circular_temple

Skill      XL: |  1  2  3  4  5  6  7  8 |
---------------+-------------------------+-----
Long Blades    | 3 4 5 7 |  7.3
Fighting       | 4 5 6 |  6.0
Armour         | 4 5 6 |  6.2
Dodging        | 1 2 3 |  3.0
Shields        | 4 5 |  5.9
Slings         | |  0.1
Throwing       | |  0.2
Stealth        | |  0.7

Action                   |  1- 3 |  4- 6 |  7- 9 || total
-------------------------+-------+-------+-------++-------
Melee: Long sword        |   104 |   194 |   257 ||   555
 Fire: Hunting sling     |       |       |     6 ||     6
Throw: Dart              |       |       |     3 ||     3
  Use: Scroll            |       |     7 |       ||     7
       Potion            |       |       |     7 ||     7
 Stab: Invisible         |       |       |     2 ||     2
Armor: Scale mail        |    42 |    89 |   118 ||   249
Dodge: Dodged            |    29 |    67 |    79 ||   175
Block: Kite shield       |    51 |    96 |   149 ||   296
       Rpst.: Long sword |     7 |    22 |    28 ||    57
